Map: Ascension to Aiur LE

Players

IllIIIllIIIl - Winner!

  • Race: Protoss Protoss
  • Spawn Location: 5:00

A.I. 1 (Elite)

  • Race: Zerg Zerg
  • Spawn Location: 11:00

VOD

Have the link to the VOD?

Description

--

Time

  • Played on: Dec. 21, 2017, 8:36 a.m.
  • Length: 7:49
Show
View Real Time Build Order
Export as new Build Order

IllIIIllIIIl Protoss - Winner!

Build Orders: 1 Gate Expand, Oracle Opening 

Get SALT Encoding   

  12  0:01  Probe  
  13  0:13  Probe  
  14  0:17  Pylon  
  14  0:25  Probe  
  15  0:39  Probe (Chrono Boost), Gateway  
  16  0:46  Assimilator  
  17  0:53  Probe x2 (Chrono Boost)  
  18  1:04  Probe  
  19  1:16  Probe  
  20  1:27  Nexus  
  20  1:37  Cybernetics Core  
  20  1:43  Probe (Chrono Boost)  
  21  1:47  Assimilator  
  22  1:55  Probe (Chrono Boost)  
  22  1:56  Pylon  
  22  1:57  Probe  
  23  2:14  Probe  
  23  2:15  Stalker  
  26  2:16  Warp Gate  
  26  2:26  Probe  
  27  2:32  Stargate  
  27  2:43  Probe (Chrono Boost)  
  29  2:45  Adept, Probe (Chrono Boost)  
  33  2:55  Probe x3 (Chrono Boost)  
  33  2:56  Probe  
  35  3:03  Gateway  
  35  3:08  Probe x2  
  37  3:13  Oracle (Chrono Boost)  
  40  3:20  Probe x2  
  40  3:24  Pylon  
  42  3:31  Adept  
  42  3:32  Probe x2  
  46  3:40  Oracle (Chrono Boost)  
  46  3:44  Probe x2, Pylon  
  50  3:56  Probe x2  
  50  3:59  Assimilator x2  
  52  4:08  Probe x2  
  54  4:20  Probe  
  54  4:21  Probe  
  56  4:28  Robotics Facility  
  53  4:32  Probe  
  53  4:33  Probe  
  55  4:42  Pylon  
  55  4:45  Probe x2  
  57  4:48  Nexus  
  57  5:05  Gateway  
  54  5:07  Gateway  
  54  5:09  Gateway  
  54  5:11  Gateway  
  54  5:13  Gateway  
  54  5:14  Gateway  
  54  5:16  Warp Prism (Chrono Boost)  
  54  5:19  Sentry x2  
  60  5:22  Pylon  
  60  5:23  Pylon  
  60  5:27  Pylon  
  60  5:40  Pylon  
  60  5:44  Stalker x2  
  64  6:12  Stalker x7  
  64  6:13  Stalker  
  80  6:35  Stalker x3  
  80  6:36  Stalker x4  
  80  6:38  Stalker  
  86  7:01  Stalker x6  
  92  7:07  Stalker  
  100  7:09  Stalker  
  100  7:34  Stalker x6  
  112  7:37  Stalker  
  112  7:43  Stalker  
Show
View Real Time Build Order
Export as new Build Order

A.I. 1 (Elite) Zerg 

Build Orders: Pool First 

Get SALT Encoding   

  12  0:00  Drone  
  13  0:12  Overlord  
  13  0:17  Drone  
  14  0:30  Drone x2  
  16  0:42  Spawning Pool  
  16  0:45  Drone  
  16  0:50  Drone  
  17  1:13  Hatchery  
  17  1:15  Drone  
  17  1:19  Extractor  
  17  1:22  Drone  
  17  1:26  Drone  
  17  1:30  Drone  
  19  1:38  Overlord  
  19  1:49  Drone  
  19  1:53  Queen  
  22  1:59  Zergling x2  
  23  2:10  Drone  
  24  2:21  Drone  
  25  2:29  Queen  
  27  2:32  Roach Warren  
  27  2:34  Extractor  
  25  2:37  Drone  
  25  2:41  Drone  
  27  2:47  Overlord  
  27  2:51  Drone  
  28  2:54  Drone  
  28  2:57  Drone  
  30  3:01  Drone  
  30  3:05  Drone  
  32  3:09  Zergling x2  
  32  3:11  Zergling x2  
  33  3:14  Zergling x2  
  33  3:19  Roach  
  36  3:23  Roach  
  36  3:26  Roach  
  40  3:31  Roach  
  40  3:34  Drone  
  43  3:42  Overlord  
  43  3:50  Lair  
  43  3:54  Metabolic Boost  
  43  4:00  Drone, Overlord  
  45  4:02  Drone  
  45  4:05  Drone  
  45  4:08  Drone  
  47  4:10  Zergling x2  
  47  4:13  Zergling x2  
  47  4:15  Zergling x2  
  50  4:19  Drone  
  50  4:22  Drone  
  43  4:25  Drone  
  43  4:28  Drone  
  43  4:30  Drone  
  45  4:34  Drone  
  45  4:37  Drone  
  47  4:40  Drone  
  47  4:43  Drone  
  49  4:46  Drone  
  49  4:49  Drone  
  49  4:52  Drone  
  48  4:55  Drone  
  48  4:59  Drone  
  44  5:11  Hydralisk Den  
  43  5:18  Drone  
  43  5:21  Drone  
  45  5:24  Drone  
  45  5:26  Drone  
  47  5:29  Drone  
  47  5:32  Drone  
  50  5:35  Drone  
  50  5:37  Drone  
  50  5:40  Drone, Hydralisk  
  54  5:45  Overlord  
  54  5:49  Hydralisk  
  54  5:53  Hydralisk  
  58  6:03  Overlord, Hydralisk, Drone  
  61  6:05  Drone  
  61  6:07  Drone  
  61  6:09  Drone  
  65  6:11  Drone  
  65  6:13  Drone  
  65  6:15  Drone  
  67  6:21  Drone  
  67  6:22  Infestation Pit  
  67  6:27  Overlord  
  67  6:28  Drone  
  67  6:30  Drone  
  67  6:32  Drone  
  70  6:33  Drone  
  70  6:35  Drone  
  66  6:41  Zergling x2  
  66  6:42  Drone, Zergling x2  
  66  6:43  Roach  
  66  6:45  Roach  
  59  6:47  Roach  
  59  6:49  Roach  
  59  6:52  Hydralisk  
  60  6:57  Hydralisk  
  60  7:00  Infestor  
  61  7:07  Queen  
  58  7:10  Zergling x2  
Tags
 
Add a new tag
Caveats
  • Supply blocks, unpowered buildings, or Contaminate may cause inaccurate times.
  • Supply counts are checked every 10 seconds.